 Dungeon Crawl Stone Soup version 0.28.0-53-g5a82cb258f (webtiles) character file.

Game seed: 1618535776116641215

1547 DocClef the Firebug (level 8, -14/53 HPs)
             Began as a Gnoll Fire Elementalist on July 16, 2022.
             Was a Believer of Hepliaklqana.
             Killed by an exploding orc warrior (34 damage)
             ... ignited by their inner flame
             ... on level 5 of the Dungeon on July 18, 2022.
             The game lasted 00:10:35 (6870 turns).

DocClef the Firebug (Gnoll Fire Elementalist)       Turns: 6870, Time: 00:10:36

Health: -14/53     AC:  6    Str:  8    XL:     8   Next: 87%
Magic:  0/17       EV: 18    Int: 20    God:    Hepliaklqana [**....]
Gold:   60         SH:  0    Dex: 13    Spells: 10/19 levels left

rFire   . . .      SeeInvis .   j - +7 hand axe "Opepuir" {freeze, rN+ Int+4}
rCold   . . .      Faith    .   (no shield)
rNeg    + . .      Spirit   +   a - +0 robe
rPois   .          Reflect  .   (no helmet)
rElec   .          Harm     .   h - +2 cloak
rCorr   .          Rampage  .   s - +0 pair of gloves
Will    .....                   (no boots)
Stlth   +++.......              x - amulet of guardian spirit
HPRegen 0.17/turn               n - +4 ring of evasion
MPRegen 0.15/turn               (no ring)

@: no status effects
A: reduced essence, fangs 1, strong nose, distributed training
a: Renounce Religion, Recall Ancestor, Ancestor Identity


You were on level 5 of the Dungeon.
You worshipped Hepliaklqana.
Hepliaklqana was pleased with you.
You visited 2 branches of the dungeon, and saw 7 of its levels.

You collected 239 gold pieces.
You spent 179 gold pieces at shops.

Inventory:

Hand Weapons
 j - the +7 hand axe "Opepuir" (weapon) {freeze, rN+ Int+4}
   (You found it on level 4 of the Dungeon)

   It freezes those it strikes, dealing additional cold damage.
   It can also slow down cold-blooded creatures.
   Int:       It affects your intelligence (+4).
   rN:        It protects you from negative energy.
 r - a +1 dagger of venom
Missiles
 m - 3 silver javelins
 t - 4 javelins
 u - a throwing net
Armour
 a - a +0 robe (worn)
 h - a +2 cloak (worn)
 s - a +0 pair of gloves (worn)
Jewellery
 n - a +4 ring of evasion (left hand)
 x - an amulet of guardian spirit (around neck)
Scrolls
 b - 4 scrolls of magic mapping {unknown}
 c - 6 scrolls of identify {unknown}
 f - 3 scrolls of teleportation {unknown}
 i - a scroll of immolation {unknown}
 k - a scroll of vulnerability {unknown}
 l - a scroll of fear {unknown}
 q - 2 scrolls of amnesia
 v - a scroll of enchant armour
 w - a scroll of noise
 y - a scroll of summoning {unknown}
 z - a scroll of fog {unknown}
Potions
 d - a potion of heal wounds
 e - 2 potions of curing {unknown}
 g - 2 potions of ambrosia {unknown}
 o - a potion of magic {unknown}
 p - a potion of might {unknown}


   Skills:
 + Level 3.6 Fighting
 + Level 3.6 Short Blades
 + Level 3.6 Long Blades
 + Level 3.6 Axes
 + Level 3.6 Maces & Flails
 + Level 3.6 Polearms
 + Level 3.6 Staves
 + Level 3.6 Slings
 + Level 3.6 Bows
 + Level 3.6 Crossbows
 + Level 3.6 Throwing
 + Level 3.6 Armour
 + Level 5.9 Dodging
 + Level 5.6 Stealth
 + Level 3.6 Shields
 + Level 3.6 Unarmed Combat
 + Level 6.2 Spellcasting
 + Level 3.7 Conjurations
 + Level 3.0 Hexes
 + Level 3.0 Summonings
 + Level 3.0 Necromancy
 + Level 3.0 Translocations
 + Level 3.0 Transmutations
 + Level 6.3 Fire Magic
 + Level 3.0 Ice Magic
 + Level 3.0 Air Magic
 + Level 3.0 Earth Magic
 + Level 3.0 Poison Magic
 + Level 4.0 Invocations
 + Level 3.6 Evocations


You had 10 spell levels left.
You knew the following spells:

 Your Spells              Type           Power      Damage    Failure   Level
a - Foxfire               Conj/Fire      100%       2x1d9     1%          1
b - Scorch                Fire           62%        2d8       1%          2
c - Conjure Flame         Conj/Fire      26%        6-21      3%          3
d - Inner Flame           Hex/Fire       24%        N/A       4%          3

Your spell library contained the following spells:

 Spells                   Type           Power      Damage    Failure   Level
 Static Discharge         Conj/Air       19%        N/A       3%          2
 Gell's Gravitas          Tloc           18%        N/A       9%          3
 Lesser Beckoning         Tloc           18%        N/A       9%          3
 Teleport Other           Tloc           18%        N/A       9%          3
 Flame Wave               Conj/Fire      26%        2d7       13%         4
 Sticky Flame             Conj/Fire      26%        2d5       13%         4
 Dispel Undead            Necr           18%        3d11      28%         4


Dungeon Overview and Level Annotations

Branches:
Dungeon (6/15)             Temple (1/1) D:4

Altars:
Ashenzari
Cheibriados
Dithmenos
Elyvilon
Fedhas
Gozag
Hepliaklqana
Kikubaaqudgha
Makhleb
Nemelex Xobeh
Okawaru
Ru
Sif Muna
Trog
Uskayaw
Vehumet
Wu Jian
Yredelemnul
Zin
The Shining One

Shops:
D:5 ?   D:6 *


Innate Abilities, Weirdness & Mutations

Your life essence is reduced to manifest your ancestor. (-10% HP)
You have very sharp teeth.
Your uncanny sense of smell can sniff out nearby items.
Your experience applies equally to all skills.


Message History

Press: ? - help, Dir - move target, f - orc warrior
Aim: an orc warrior, wielding a +0 war axe and wearing a +2 chain mail of fire resistance (severely wounded, chance to affect: 79%)
The orc warrior is filled with an inner flame.
The orc warrior misses you.
Casting: Inner Flame (dangerous; 4% risk of failure)
Confirm with . or Enter, or press ? or * to list all spells.
You conjure some foxfire!
The orc warrior hits you with a +0 war axe!
The orc warrior hits your foxfire with a +0 war axe! x2
The foxfire hits the orc warrior but does no damage.
The orc warrior is severely wounded.
The foxfire hits the orc warrior.
The orc warrior completely resists.
The orc warrior is severely wounded.
Casting: Foxfire (safe; 1% risk of failure)
Confirm with . or Enter, or press ? or * to list all spells.
You conjure some foxfire!
The foxfire hits the orc warrior but does no damage.
The orc warrior is severely wounded.
The foxfire hits the orc warrior but does no damage.
The orc warrior is severely wounded.
Casting: Foxfire (safe; 1% risk of failure)
Confirm with . or Enter, or press ? or * to list all spells.
You don't have enough magic to cast this spell.
You hit the orc warrior.
Flame seeps out of the orc warrior.
You freeze the orc warrior.
Flame seeps out of the orc warrior.
You bite the orc warrior, but do no damage.
The orc warrior is severely wounded.
The orc warrior is engulfed in blazing flames.
Flame seeps out of the orc warrior.
The orc warrior barely misses you.
The orc warrior is engulfed in blazing flames.
Flame seeps out of the orc warrior.
You hit the orc warrior.
Flame seeps out of the orc warrior.
You freeze the orc warrior.
Flame seeps out of the orc warrior.
Your bite misses the orc warrior.
The orc warrior is almost dead.
The orc warrior is engulfed in blazing flames.
The orc warrior explodes!
The fiery explosion engulfs you!!
Ouch! That really hurt!
You die...

..##.......###.....#........#
...#.....#........##.......##
..#......######...##.<..####
#.#................#....#
#......#....##.##.......##
.......###..#.##.....#...##
#.....####................#
.##.....##.....)§§§......##
.........#...##.@○°#..>.##
................§########
..#..............#
.##......####...##
.#...#..####...## ....##.##
#..### ..##....# #..####
...##...###.....#
..##............#


There were no monsters in sight!

Vanquished Creatures
  A steam dragon (D:6)
  Menkaure (D:5)
  A water moccasin (D:5)
  An orc warrior (D:5)
  A necrophage (D:6)
  An ogre (D:5)
  2 black bears
  A scorpion (D:5)
  A gnoll sergeant (D:5)
  A wyvern skeleton (D:5)
  A howler monkey (D:6)
  2 hounds
  An orc priest (D:2)
  An iguana (D:4)
  4 orc wizards
  5 gnolls
  8 adders
  A white imp (D:3)
  An ufetubus (D:5)
  2 worms (D:3)
  2 adder skeletons (D:4)
  2 dart slugs
  21 orcs
  5 ball pythons
  7 bats
  6 endoplasms
  3 goblins
  9 hobgoblins
  8 quokkas
  6 frilled lizards
  5 kobolds
111 creatures vanquished.

Vanquished Creatures (collateral kills)
  An ice beast (D:6)
  A bullfrog zombie (D:5)
2 creatures vanquished.

Vanquished Creatures (others)
  An ancestor (D:5)
  A hexer (D:6)
  539 foxfires
541 creatures vanquished.

Grand Total: 654 creatures vanquished

Notes
Turn   | Place    | Note
-------+----------+-------------------------------------------
     0 | D:1      | DocClef the Gnoll Fire Elementalist began the quest for the
                  | Orb.
     0 | D:1      | Reached XP level 1. HP: 13/13 MP: 6/6
    89 | D:1      | Reached XP level 2. HP: 20/20 MP: 1/7
   802 | D:1      | You fall into a shaft and drop 1 floor!
   807 | D:2      | Reached XP level 3. HP: 25/25 MP: 5/9
   900 | D:2      | Learned a level 2 spell: Scorch
   981 | D:2      | Reached skill level 5 in Spellcasting
  1438 | D:2      | Reached skill level 1 in Invocations
  1475 | D:2      | Reached skill level 1 in Fighting
  1475 | D:2      | Reached skill level 1 in Short Blades
  1475 | D:2      | Reached skill level 1 in Long Blades
  1475 | D:2      | Reached skill level 1 in Axes
  1475 | D:2      | Reached skill level 1 in Maces & Flails
  1475 | D:2      | Reached skill level 1 in Polearms
  1475 | D:2      | Reached skill level 1 in Staves
  1475 | D:2      | Reached skill level 1 in Slings
  1475 | D:2      | Reached skill level 1 in Bows
  1475 | D:2      | Reached skill level 1 in Crossbows
  1475 | D:2      | Reached skill level 1 in Throwing
  1475 | D:2      | Reached skill level 1 in Armour
  1475 | D:2      | Reached skill level 1 in Shields
  1475 | D:2      | Reached skill level 1 in Unarmed Combat
  1475 | D:2      | Reached skill level 1 in Evocations
  1475 | D:2      | Reached XP level 4. HP: 21/32 MP: 0/11
  1661 | D:2      | Reached skill level 1 in Hexes
  1661 | D:2      | Reached skill level 1 in Summonings
  1661 | D:2      | Reached skill level 1 in Necromancy
  1661 | D:2      | Reached skill level 1 in Translocations
  1661 | D:2      | Reached skill level 1 in Transmutations
  1661 | D:2      | Reached skill level 1 in Ice Magic
  1661 | D:2      | Reached skill level 1 in Air Magic
  1661 | D:2      | Reached skill level 1 in Earth Magic
  1661 | D:2      | Reached skill level 1 in Poison Magic
  2583 | D:3      | Reached XP level 5. HP: 37/37 MP: 5/12
  3624 | D:3      | Found an opulent altar of Gozag.
  4087 | D:4      | Found a staircase to the Ecumenical Temple.
  4141 | Temple   | Entered the Ecumenical Temple
  4158 | Temple   | Became a worshipper of Hepliaklqana the Forgotten
  4266 | D:4      | Reached XP level 6. HP: 44/44 MP: 7/13
  4336 | D:4      | Learned a level 3 spell: Conjure Flame
  4340 | D:4      | Learned a level 3 spell: Inner Flame
  4427 | D:4      | Noticed a black bear
  4433 | D:4      | Killed a black bear
  4434 | D:4      | Reached skill level 5 in Dodging
  4451 | D:4      | Identified the +7 hand axe "Opepuir" {freeze, rN+ Int+4}
  5214 | D:5      | Entered Level 5 of the Dungeon
  5223 | D:5      | Reached XP level 7. HP: 50/50 MP: 10/15
  5412 | D:5      | Reached * piety under Hepliaklqana
  5645 | D:5      | Reached skill level 5 in Stealth
  5653 | D:5      | Reached XP level 8. HP: 51/51 MP: 2/16
  5833 | D:5      | Found Hout's Magic Scroll Shop.
  5836 | D:5      | Bought a scroll of amnesia for 52 gold pieces
  5836 | D:5      | Bought a scroll of enchant armour for 112 gold pieces
  5836 | D:5      | Bought a scroll of noise for 15 gold pieces
  5879 | D:5      | Noticed Menkaure
  5884 | D:5      | Killed Menkaure
  6233 | D:6      | Found Zin's Purification Station.
  6233 | D:6      | Found a glowing silver altar of Zin.
  6309 | D:6      | Found a burning altar of Makhleb.
  6309 | D:6      | Found a bloodstained altar of Trog.
  6526 | D:6      | Reached ** piety under Hepliaklqana
  6535 | D:6      | Remembered your ancestor Ulric as a hexer
  6870 | D:5      | Killed by an exploding orc warrior... ignited by their
                  | inner flame

Illustrated notes

Levels and vault maps discovered:
D:1:      ncdulo_halloftheorcs, layout_basic
D:2:      layout_loops_ring, corexii_corridor_pit
D:3:      layout_basic, general_overflow_altar
D:4:      layout_loops_ring, minmay_temple_entry_glassed_door,
          minmay_tree_intersection
D:5:      layout_cave_pools, serial_shops, kennysheep_mini, uniq_menkaure
D:6:      layout_basic, mainiacjoe_overflow_divided_tiny, zin_purify,
          serial_shops, nicolae_shop_window_shopping, nicolae_wooded_promenade
Temple:   lightli_temple_of_artemis

Skill      XL: |  1  2  3  4  5  6  7  8 |
---------------+-------------------------+-----
Conjurations   | 2 3 |  3.7
Spellcasting   | 5 6 |  6.2
Invocations    | 1 2 3 4 |  4.0
Fighting       | 1 2 3 |  3.6
Short Blades   | 1 2 3 |  3.6
Long Blades    | 1 2 3 |  3.6
Axes           | 1 2 3 |  3.6
Maces & Flails | 1 2 3 |  3.6
Polearms       | 1 2 3 |  3.6
Staves         | 1 2 3 |  3.6
Slings         | 1 2 3 |  3.6
Bows           | 1 2 3 |  3.6
Crossbows      | 1 2 3 |  3.6
Throwing       | 1 2 3 |  3.6
Armour         | 1 2 3 |  3.6
Shields        | 1 2 3 |  3.6
Unarmed Combat | 1 2 3 |  3.6
Evocations     | 1 2 3 |  3.6
Hexes          | 1 2 3 |  3.0
Summonings     | 1 2 3 |  3.0
Necromancy     | 1 2 3 |  3.0
Translocations | 1 2 3 |  3.0
Transmutations | 1 2 3 |  3.0
Ice Magic      | 1 2 3 |  3.0
Air Magic      | 1 2 3 |  3.0
Earth Magic    | 1 2 3 |  3.0
Poison Magic   | 1 2 3 |  3.0
Dodging        | 5 |  5.9
Stealth        | 5 |  5.6
Fire Magic     | 6 |  6.3

Action                   |  1- 3 |  4- 6 |  7- 9 || total
-------------------------+-------+-------+-------++-------
Melee: Unarmed           |     1 |       |       ||     1
       Club              |    10 |       |       ||    10
       Spear             |     1 |     9 |       ||    10
       Bite              |     1 |     7 |     2 ||    10
       Dagger            |       |    55 |       ||    55
       Punch             |       |     1 |       ||     1
       Hand axe          |       |    11 |    20 ||    31
 Cast: Foxfire           |    59 |   153 |   101 ||   313
       Scorch            |     1 |       |       ||     1
       Inner Flame       |       |       |     1 ||     1
Invok: Ancestor Life: He |       |       |     1 ||     1
  Use: Potion            |       |       |     1 ||     1
 Stab: Sleeping          |       |     5 |       ||     5
Armor: Robe              |     2 |    13 |     9 ||    24
Dodge: Dodged            |    11 |    43 |    34 ||    88
